 Dungeon Crawl Stone Soup version 0.18.1-1-g2f07953 (webtiles) character file.

2681 IcyTea the Covert (level 9, -1/43 HPs)
             Began as a Felid Wanderer on May 7, 2016.
             Was a Follower of Dithmenos.
             Slain by a phantom (8 damage)
             ... on level 9 of the Dungeon.
             The game lasted 00:58:14 (11397 turns).

IcyTea the Covert (Felid Wanderer)                 Turns: 11397, Time: 00:58:15

Health: -1/43      AC:  2    Str:  9    XL:     9   Next: 37%
Magic:  14/14      EV: 18    Int: 15    God:    Dithmenos [*.....]
Gold:   128        SH:  0    Dex: 16    Spells: 3 memorised, 5 levels left
                                        Lives:  0   Deaths: 2

rFire  . . .     SeeInvis +       - Unarmed
rCold  . . .     Gourm    .     (armour unavailable)
rNeg   . . .     Faith    .     (shield unavailable)
rPois  .         Spirit   .     (helmet unavailable)
rElec  .         Dismiss  .     (cloak unavailable)
rCorr  +         Reflect  .     (gloves unavailable)
SustAt .         Harm     .     (boots unavailable)
MR     +....                    (no amulet)
Stlth  +++++++...               a - ring of resist corrosion
                                l - ring of flight

@: wreathed by umbra, quick, somewhat resistant to hostile enchantments,
extremely stealthy
A: no armour, no weapons or thrown items, claws 1, fangs 3, see invisible,
carnivore 3, speed 1, shaggy fur 2, slow metabolism 1, sharp paws
a: Renounce Religion, Evoke Flight


You were on level 9 of the Dungeon.
You worshipped Dithmenos.
Dithmenos was aware of your devotion.
You were full.

You visited 2 branches of the dungeon, and saw 10 of its levels.

You collected 346 gold pieces.
You spent 218 gold pieces at shops.

Inventory:

Jewellery
 a - a ring of resist corrosion (right paw)
 l - a ring of flight (left paw)
 r - an uncursed ring of fire
Wands
 k - a wand of iceblast (8/15)
 o - a wand of lightning (1/15)
Scrolls
 b - 2 scrolls of teleportation
 e - 2 scrolls of amnesia
 j - a scroll of recharging
 p - a scroll of remove curse
 q - 2 scrolls of magic mapping
 v - a scroll of identify
Potions
 c - a potion of curing
 f - a potion of agility
 g - a potion of magic
 m - a potion of might
 t - a potion of cancellation
Books
 s - a book of Cantrips

   Spells                             Type                      Level
   a - Corona                         Hexes                        1
   b - Animate Skeleton               Necromancy                   1
   c - Summon Small Mammal            Summoning                    1
   d - Apportation                    Translocation                1
Comestibles
 d - 5 meat rations
 h - 4 beef jerkies
 i - a slice of pizza
 n - a royal jelly


   Skills:
 - Level 7.0 Fighting
 - Level 3.1 Dodging
 - Level 11.1 Stealth
 - Level 7.7 Unarmed Combat
 + Level 3.5 Summonings
 - Level 4.0 Translocations
 - Level 6.1 Evocations


You had 5 spell levels left.
You knew the following spells:

 Your Spells              Type           Power        Failure   Level  Hunger
a - Apportation           Tloc           ##........   6%          1    ##.....
b - Animate Skeleton      Necr           N/A          28%         1    ##.....
c - Summon Small Mammal   Summ           ##..         8%          1    ##.....


Dungeon Overview and Level Annotations

Branches:
Dungeon (9/15)             Temple (1/1) D:5
   Lair: D:8-11         Orc: D:9-12

Altars:
Ashenzari
Cheibriados
Dithmenos
Elyvilon
Fedhas
Gozag
Kikubaaqudgha
Makhleb
Nemelex Xobeh
Okawaru
Pakellas
Qazlal
Ru
Sif Muna
Trog
Vehumet
Xom
Yredelemnul
Zin
The Shining One

Shops:
D:4 :   D:7 :*}

Annotations:
D:2 Crazy Yiuf
D:7 Joseph


Innate Abilities, Weirdness & Mutations

You cannot wear armour.
You are incapable of wielding weapons or throwing items.
You have sharp claws.
You have razor-sharp teeth.
You have supernaturally acute eyesight.
You are carnivorous and can eat meat at any time.
You cover ground quickly.
You are covered in thick fur (AC +2).
You have a slow metabolism.
Your sharp claws are effective at attacking unaware monsters.


Message History

The phantom is moderately damaged.
The phantom misses you.
You claw the phantom!
The phantom is heavily damaged.
The phantom hits you!
* * * LOW HITPOINT WARNING * * *
The phantom blinks!
You scratch the giant frog skeleton.
The giant frog skeleton closely misses you.
You completely miss the giant frog skeleton.
The giant frog skeleton misses you.
You barely miss the giant frog skeleton.
The giant frog skeleton barely misses you.
You scratch the giant frog skeleton.
The giant frog skeleton barely misses you.
You claw the giant frog skeleton! The giant frog skeleton misses you.
The giant frog skeleton misses you.
The phantom blinks!
The phantom hits you!
You die...

#............#
####.######### #†#
#####.#######
#...........#
#...........#
##+#####.§.........#
.......#...........#
.......@Z....#######
......W#...###
.......#...#
.......#...#
.......#...#
.......#...#
############


You could see a phantom and a giant frog skeleton.

Vanquished Creatures
  Grinder (D:5)
  Sigmund (D:5)
  A hungry ghost (D:7)
  Menkaure (D:5)
  6 sky beasts
  2 phantoms
  3 orc warriors
  An ogre (D:7)
  2 ice beasts (D:9)
  6 centaurs
  Blork the orc (D:5)
  A scorpion (D:6)
  A jelly (D:8)
  A howler monkey (D:9)
  10 crimson imps
  A giant frog zombie (D:7)
  2 quasits
  2 orc priests
  3 hounds
  3 orc wizards (D:8)
  2 giant frog skeletons
  2 iguanas
  2 worker ants (D:4)
  A killer bee zombie (D:7)
  2 worker ant zombies
  15 gnolls
  9 adders
  3 shadow imps
  3 oozes
  An adder zombie (D:5)
  2 adder skeletons
  2 worms
  3 dart slugs
  9 giant geckos
  34 orcs
  7 bats
  4 giant cockroaches
  3 hobgoblins
  8 jackals
  3 quokkas
  2 ball pythons
  A giant cockroach zombie (D:6)
  3 giant newts
  6 goblins
  13 kobolds
  A quokka skeleton (D:5)
  A quokka zombie (D:6)
  8 rats
199 creatures vanquished.

Notes
Turn   | Place    | Note
--------------------------------------------------------------
     0 | D:1      | IcyTea the Felid Wanderer began the quest for the Orb.
     0 | D:1      | IcyTea set off with: a lamp of fire, a scroll of teleportation, a potion of curing, a meat ration
     0 | D:1      | Reached XP level 1. HP: 10/10 MP: 2/2
   139 | D:1      | Reached XP level 2. HP: 14/14 MP: 3/3
   829 | D:2      | Reached XP level 3. HP: 17/17 MP: 4/4
  1113 | D:2      | Found a stormy altar of Qazlal.
  1143 | D:2      | Found a faded altar to an unknown god.
  1221 | D:2      | Reached XP level 4. HP: 12/21 MP: 5/5
  1295 | D:3      | Reached skill level 5 in Unarmed Combat
  1935 | D:2      | Noticed Crazy Yiuf
  2767 | D:4      | Found Ismeol's Book Boutique.
  3059 | D:4      | Reached XP level 5. HP: 20/24 MP: 6/6
  3304 | D:3      | Reached skill level 1 in Dodging
  3337 | D:3      | Found an iron altar of Okawaru.
  4219 | D:4      | Found a bloodstained altar of Trog.
  4219 | D:4      | Found an opulent altar of Gozag.
  4219 | D:4      | Found a glowing golden altar of the Shining One.
  4219 | D:4      | Found a radiant altar of Vehumet.
  4238 | D:4      | Found an oddly glowing altar of Pakellas.
  4238 | D:4      | Found a shimmering altar of Xom.
  4389 | D:4      | Reached skill level 5 in Stealth
  4389 | D:4      | Gained mutation: You are covered in thick fur (AC +2). [Felid growth]
  4389 | D:4      | Reached XP level 6. HP: 28/28 MP: 7/7
  4482 | D:4      | Noticed an orc warrior
  4510 | D:4      | Slain by a wyvern skeleton
  4511 | D:4      | Reached XP level 5. HP: 0/24 MP: 7/7
  4569 | D:5      | Entered Level 5 of the Dungeon
  4715 | D:5      | Noticed a centaur
  4918 | D:5      | HP: 1/24 [centaur (6)]
  4919 | D:5      | Killed a centaur
  4919 | D:5      | Reached XP level 6. HP: 2/28 MP: 8/8
  5308 | D:5      | Noticed a sky beast
  5326 | D:5      | Killed a sky beast
  5326 | D:5      | Reached skill level 5 in Fighting
  5740 | D:5      | Noticed Menkaure
  5778 | D:5      | Killed Menkaure
  5778 | D:5      | Reached XP level 7. HP: 34/34 MP: 9/9
  5801 | D:5      | Found a deep blue altar of Sif Muna.
  5897 | D:5      | Noticed Grinder
  5908 | D:5      | Killed Grinder
  5910 | D:5      | Noticed Blork the orc
  5927 | D:5      | Killed Blork the orc
  5961 | D:5      | Found a staircase to the Ecumenical Temple.
  5974 | D:5      | Reached skill level 6 in Stealth
  5980 | Temple   | Entered the Ecumenical Temple
  6111 | D:5      | Found a sparkling altar of Nemelex Xobeh.
  6128 | D:5      | Reached skill level 7 in Stealth
  6181 | D:5      | Reached XP level 8. HP: 40/40 MP: 10/10
  6289 | D:5      | Found an ancient bone altar of Kikubaaqudgha.
  6431 | D:5      | Reached skill level 8 in Stealth
  6701 | D:5      | Noticed Sigmund
  6703 | D:5      | Killed Sigmund
  6703 | D:5      | Reached skill level 9 in Stealth
  7536 | D:6      | Found a burning altar of Makhleb.
  7662 | D:7      | Reached skill level 10 in Stealth
  7662 | D:7      | Reached XP level 9. HP: 43/43 MP: 11/11
  7795 | D:7      | Found Hianwage's Assorted Antiques.
  7800 | D:7      | Bought a murky amethyst potion for 27 gold pieces
  7800 | D:7      | Bought a purple potion for 27 gold pieces
  7800 | D:7      | Bought a green potion for 27 gold pieces
  7800 | D:7      | Bought a scroll of identify for 60 gold pieces
  7895 | D:7      | Found Qoatir's Gadget Emporium.
  7915 | D:7      | Bought a wand of lightning (3/15) for 77 gold pieces
  7931 | D:7      | Noticed Joseph
  7936 | D:7      | Found Mirukigg's Book Shop.
  7945 | D:7      | Shot with a sling bullet by Joseph
  7946 | D:7      | Reached XP level 8. HP: -13/40 MP: 10/10
  7984 | D:7      | Found a shadowy altar of Dithmenos.
  7993 | D:7      | Became a worshipper of Dithmenos the Shadowed
  8037 | D:7      | Reached skill level 11 in Stealth
  9132 | D:8      | Reached * piety under Dithmenos
  9482 | D:8      | Reached skill level 5 in Evocations
 10024 | D:8      | Learned a level 1 spell: Apportation
 10026 | D:8      | Learned a level 1 spell: Animate Skeleton
 10028 | D:8      | Learned a level 1 spell: Summon Small Mammal
 10063 | D:8      | Reached XP level 9. HP: 16/43 MP: 14/14
 10377 | D:8      | Found a white marble altar of Elyvilon.
 10635 | D:8      | Reached skill level 1 in Summonings
 11397 | D:9      | Slain by a phantom

Skill      XL: |  1  2  3  4  5  6  7  8  9 |
---------------+----------------------------+-----
Unarmed Combat | 4 5 7 |  7.7
Dodging        | 3 |  3.1
Stealth        | 5 7 11 | 11.1
Evocations     | 2 6 |  6.1
Fighting       | 5 7 |  7.0
Translocations | 2 4 |  4.0
Summonings     | 3 |  3.5

Action                   |  1- 3 |  4- 6 |  7- 9 || total
-------------------------+-------+-------+-------++-------
Melee: Unarmed           |    63 |   229 |   438 ||   730
       Bite              |     3 |    22 |    43 ||    68
       Punch             |     2 |     3 |     9 ||    14
Evoke: Wand              |       |       |     4 ||     4
  Use: Scroll            |     3 |     4 |    15 ||    22
       Potion            |       |    10 |     8 ||    18
 Stab: Sleeping          |    12 |    15 |    24 ||    51
       Distracted        |     2 |     1 |       ||     3
  Eat: Chunk             |     6 |     8 |    25 ||    39
Armor: Skin              |     7 |     9 |    18 ||    34
Dodge: Dodged            |    41 |   175 |   309 ||   525
